[Event "ICCopen2016"]
[Site "Internet Chess Club"]
[Date "2016.06.03"]
[Round "2"]
[White "Koval"]
[Black "huntos"]
[Result "0-1"]
[ICCResult "White resigns"]
[WhiteElo "1912"]
[BlackElo "1592"]
[Opening "QGD: 5...c6"]
[ECO "D51"]
[NIC "SL.01"]
[Time "19:12:19"]
[TimeControl "180+0"]

1. c4 c6 2. d4 d5 3. Nc3 Nf6 4. Bg5 e6 5. e3 Nbd7 6. cxd5 cxd5 7. Bd3 Be7 8.
Nge2 O-O 9. Rc1 a6 10. O-O b5 11. Bb1 Bb7 12. f3 Rc8 13. Qd2 Nh5 14. Bxe7
Qxe7 15. g4 Nhf6 16. Qd3 g6 17. g5 Nh5 18. f4 f6 19. gxf6 Ndxf6 20. Ng3 Nxg3
21. hxg3 Kf7 22. Kg2 Rc7 23. Ne2 Rfc8 24. Rxc7 Rxc7 25. Rh1 Kg8 26. Kf3 Ne4
27. g4 Qf7 28. Kg2 Bc8 29. g5 Bd7 30. Qa3 Bc8 31. Bxe4 dxe4 32. Ng3 Bb7 33.
b4 Rc2+ 34. Kf1 Qc7 35. Ne2 Qc4 36. Rh2 Rxa2 37. Qc1 Qxc1+ 38. Nxc1 Rxh2
{White resigns}
0-1

[Event "ICCopen2016"]
[Site "Internet Chess Club"]
[Date "2016.06.03"]
[Round "2"]
[White "SurferRosa"]
[Black "tbogin1"]
[Result "1-0"]
[ICCResult "Black checkmated"]
[WhiteElo "2455"]
[BlackElo "1481"]
[Opening "King's Indian: London system"]
[ECO "A45"]
[NIC "QP.03"]
[Time "19:11:55"]
[TimeControl "180+0"]

1. d4 Nf6 2. Bf4 g6 3. Nf3 Bg7 4. Nbd2 O-O 5. e3 d5 6. h3 c6 7. Bd3 Nbd7 8.
c3 c5 9. O-O e6 10. Bd6 Re8 11. dxc5 e5 12. e4 b6 13. exd5 bxc5 14. Re1 Nxd5
15. Be4 Bb7 16. Nc4 N7f6 17. Bxe5 Nxe4 18. Rxe4 Nxc3 19. Qxd8 Raxd8 20. Ree1
Bxf3 21. Bxc3 Bxc3 22. bxc3 Bd5 23. Ne3 Be6 24. Re2 Rd3 25. Rc2 Red8 26. Rb1
f5 27. g3 g5 28. c4 f4 29. gxf4 gxf4 30. Ng4 h5 31. Nf6+ Kf7 32. Nxh5 Rxh3
33. Rb7+ Kf8 34. Nxf4 Rd1+ 35. Kg2 Rh6 36. Re2 Bc8 37. Rc7 Rd8 38. Ree7 Kg8
39. Kg3 Rf6 40. Rg7+ Kf8 41. Ng6+ Ke8 42. Rce7# {Black checkmated} 1-0

[Event "ICCopen2016"]
[Site "Internet Chess Club"]
[Date "2016.06.03"]
[Round "2"]
[White "Chapo2"]
[Black "chessasuke91"]
[Result "0-1"]
[ICCResult "White resigns"]
[WhiteElo "2010"]
[BlackElo "2588"]
[Opening "French: Tarrasch"]
[ECO "C03"]
[NIC "FR.14"]
[Time "19:12:12"]
[TimeControl "180+0"]

1. e4 e6 2. d4 d5 3. Nd2 Be7 4. Bd3 Nf6 5. Ngf3 c5 6. dxc5 a5 7. Qe2 Na6 8.
a4 O-O 9. e5 Nd7 10. Bxa6 Rxa6 11. Nb3 Nxc5 12. Nxc5 Bxc5 13. Be3 Be7 14.
Bd4 Rc6 15. O-O Qc7 16. c3 b6 17. Rfe1 Bb7 18. h3 h6 19. Rad1 Ra8 20. Qe3
Ba6 21. Rd2 Bc4 22. g4 Bb3 23. h4 Bxa4 24. g5 h5 25. g6 fxg6 26. Ng5 Rf8 27.
Qh3 Rf5 28. f4 Bb5 29. Rf2 Ba6 30. Qe3 b5 31. Rg2 b4 32. Rc1 Qd7 33. Nf3 Kh7
34. Bb6 bxc3 35. bxc3 Qc8 36. Bd4 a4 37. Qf2 a3 38. Qg3 Qe8 39. Ra1 Qf7 40.
Be3 Rxc3 41. Ng5+ Bxg5 42. hxg5 d4 43. Qe1 Rxe3 44. Qa5 Rxf4 45. Rxa3 Rxa3
46. Qxa3 Rf1+ 47. Kh2 Qf4+ 48. Rg3 Rf2+ 49. Kh3 Bf1+ {White resigns} 0-1

[Event "ICCopen2016"]
[Site "Internet Chess Club"]
[Date "2016.06.03"]
[Round "2"]
[White "El-Kaiser"]
[Black "ARMCOMPOSER"]
[Result "0-1"]
[ICCResult "White checkmated"]
[WhiteElo "2376"]
[BlackElo "3137"]
[Opening "QGD semi-Slav: Meran variation"]
[ECO "D47"]
[NIC "SL.09"]
[Time "19:11:45"]
[TimeControl "180+0"]

1. d4 d5 2. c4 c6 3. Nf3 Nf6 4. Nc3 e6 5. e3 Nbd7 6. Bd3 dxc4 7. Bxc4 b5 8.
Bd3 Bd6 9. O-O O-O 10. e4 e5 11. d5 cxd5 12. Nxb5 Bb8 13. Re1 dxe4 14. Bxe4
Nxe4 15. Rxe4 Nc5 16. Re1 Nd3 17. Re3 Bf5 18. Nc3 a6 19. Re2 Nxc1 20. Rxc1
Qxd1+ 21. Rxd1 f6 22. Ne4 Ba7 23. Nd6 Be6 24. b3 a5 25. Nc4 Bxc4 26. bxc4
Rac8 27. Rc2 Rc7 28. Rd5 Rc5 29. Nd2 Rxd5 30. cxd5 Rd8 31. Kf1 Rxd5 32. Rc8+
Kf7 33. Rc7+ Kg6 34. Rxa7 Rxd2 35. Rxa5 h5 36. Ra7 h4 37. h3 Kh6 38. a4 Ra2
39. a5 g6 40. a6 Kg5 41. Ra8 Kf4 42. a7 f5 43. Rg8 Ra1+ 44. Ke2 Ra2+ 45. Kf1
Rxa7 46. Rxg6 Ra1+ 47. Ke2 Ra2+ 48. Kf1 e4 49. Rh6 Ra1+ 50. Ke2 Kg5 51. Rh8
Ra2+ 52. Kf1 f4 53. Rg8+ Kf5 54. Rh8 Ra1+ 55. Ke2 Ra2+ 56. Ke1 Kg5 57. Rg8+
Kf6 58. Rg4 Ke5 59. Rxh4 Ra1+ 60. Ke2 Ra2+ 61. Ke1 Rb2 62. Rh5+ Kd4 63. Ra5
Rb1+ 64. Ke2 Rb2+ 65. Ke1 Rb3 66. Ra4+ Kd3 67. Ra2 Rb1# {White checkmated}
0-1

[Event "ICCopen2016"]
[Site "Internet Chess Club"]
[Date "2016.06.03"]
[Round "2"]
[White "alan2015"]
[Black "DukeBishop"]
[Result "1-0"]
[ICCResult "Black forfeits on time"]
[WhiteElo "1274"]
[BlackElo "1627"]
[Opening "Ruy Lopez: closed, Breyer defense"]
[ECO "C94"]
[NIC "RL.25"]
[Time "19:13:01"]
[TimeControl "180+0"]

1. e4 e5 2. Nf3 Nc6 3. Bb5 a6 4. Ba4 Nf6 5. O-O Be7 6. Re1 b5 7. Bb3 O-O 8.
h3 d6 9. c3 Nb8 10. Bc2 Nbd7 11. d4 Bb7 12. Nbd2 h6 13. Nf1 Re8 14. Ng3 Bf8
15. b3 g6 16. d5 c6 17. c4 cxd5 18. cxd5 Rc8 19. Be3 Bg7 20. Qd2 Kh7 21.
Rac1 a5 22. Bb1 b4 23. Rc2 Rxc2 24. Qxc2 Qc8 25. Rc1 Qxc2 26. Rxc2 Rc8 27.
Rxc8 Bxc8 28. Bd3 Ne8 29. Nd2 h5 30. Nc4 h4 31. Ne2 Ba6 32. Nxe5 Bxe5 33.
Bxa6 f5 34. f3 fxe4 35. fxe4 Nef6 36. Bd3 Nc5 37. Bxc5 dxc5 38. Kf2 Kg7 39.
Kf3 Kf7 40. Bc4 Ke7 41. Nf4 Bxf4 42. Kxf4 g5+ 43. Kf5 {Black forfeits on
time} 1-0

[Event "ICCopen2016"]
[Site "Internet Chess Club"]
[Date "2016.06.03"]
[Round "2"]
[White "smyslovfan"]
[Black "Entoloma"]
[Result "0-1"]
[ICCResult "White resigns"]
[WhiteElo "1549"]
[BlackElo "2037"]
[Opening "Queen's pawn: Keres defense"]
[ECO "A40"]
[NIC "QO.17"]
[Time "19:12:28"]
[TimeControl "180+0"]

1. d4 e6 2. c4 b6 3. Nc3 Bb7 4. e4 Bb4 5. f3 f5 6. Bd3 fxe4 7. fxe4 Nf6 8.
Qe2 O-O 9. Nf3 Bxc3+ 10. bxc3 d6 11. Bg5 e5 12. O-O Nc6 13. Rad1 Qe8 14. d5
Na5 15. Nh4 Bc8 16. h3 Qh5 17. Bxf6 Qxe2 18. Bxe2 Rxf6 19. Rxf6 gxf6 20. Rf1
Kg7 21. g4 Bd7 22. Rf2 Nb7 23. Rg2 Nc5 24. Nf5+ Bxf5 25. gxf5+ Kh8 26. Bf3
Rg8 27. Rxg8+ Kxg8 28. Kf2 Na4 {White resigns} 0-1

[Event "ICCopen2016"]
[Site "Internet Chess Club"]
[Date "2016.06.03"]
[Round "2"]
[White "Dlugy"]
[Black "skippykid"]
[Result "1-0"]
[ICCResult "Black checkmated"]
[WhiteElo "2957"]
[BlackElo "2257"]
[Opening "Queen's pawn"]
[ECO "A40"]
[NIC "QO.17"]
[Time "19:12:29"]
[TimeControl "180+0"]

1. d4 e6 2. Bf4 f5 3. e3 Nf6 4. Nf3 d5 5. Bd3 Bd6 6. Bxd6 Qxd6 7. c4 c6 8.
Nc3 O-O 9. Qc2 Ne4 10. O-O Nd7 11. Rab1 Rf6 12. b4 Rh6 13. g3 Ndf6 14. Ne5
Bd7 15. f3 Nxc3 16. Qxc3 Be8 17. c5 Qc7 18. b5 g5 19. bxc6 Bxc6 20. Bb5 f4
21. Bxc6 bxc6 22. exf4 gxf4 23. g4 Nd7 24. Rfe1 Nxe5 25. Rxe5 Rb8 26. Rbe1
Qf7 27. Qd2 Qf6 28. Qe2 Kf7 29. Kh1 Qe7 30. Qd2 Rf6 31. g5 Rg6 32. Qxf4+ Kg7
33. R5e2 Rf8 34. Qe5+ Kg8 35. f4 Qf7 36. Rf2 h6 37. h4 hxg5 38. hxg5 Qg7 39.
Qxg7+ Kxg7 40. Kg2 Rf5 41. Kg3 Rf8 42. Rfe2 Kf7 43. Rb1 Re8 44. Kg4 Re7 45.
Rh2 Rg7 46. Rb8 Re8 47. Rxe8 Kxe8 48. Rh8+ Kf7 49. Rc8 Rh7 50. Rc7+ Kg6 51.
Rxh7 Kxh7 52. f5 e5 53. dxe5 Kg7 54. e6 a5 55. a4 Kf8 56. f6 Kg8 57. g6 Kf8
58. Kf4 Kg8 59. e7 d4 60. e8=Q# {Black checkmated} 1-0

[Event "ICCopen2016"]
[Site "Internet Chess Club"]
[Date "2016.06.03"]
[Round "2"]
[White "chigato"]
[Black "GodspeedR8"]
[Result "0-1"]
[ICCResult "White checkmated"]
[WhiteElo "1780"]
[BlackElo "1689"]
[Opening "KP: King's head opening"]
[ECO "A00"]
[Time "19:13:40"]
[TimeControl "180+0"]

1. f3 e5 2. e4 Nc6 3. Bd3 d5 4. Qe2 dxe4 5. fxe4 Bc5 6. Nf3 Bg4 7. c3 Qd7 8.
Bc2 Nf6 9. d3 h5 10. Bg5 h4 11. h3 Bh5 12. Nbd2 O-O-O 13. O-O-O Qe6 14. Bb3
Qe7 15. Nc4 Kb8 16. Ne3 Na5 17. Bc2 Qe6 18. Kb1 Rd6 19. b4 Rb6 20. a3 Nc6
21. Qd2 Be7 22. Kb2 a5 23. Bb3 Qd7 24. Bxf6 Bxf6 25. Nd5 Rb5 26. Bc4 Rxd5
27. Bxd5 Ne7 28. Bb3 g5 29. Rc1 a4 30. Bc2 Nc6 31. Qe3 Qe6 32. Nd2 Be7 33.
Ra1 f6 34. Bxa4 Qd6 35. Bb3 Bg6 36. Nc4 Qd7 37. Bc2 Rd8 38. a4 Bf7 39. Na3
Qe6 40. Bb3 Qxb3+ 41. Kc1 Qxc3+ 42. Nc2 Nxb4 43. Qf2 Nxd3+ 44. Kb1 Qb2#
{White checkmated}
0-1

[Event "ICCopen2016"]
[Site "Internet Chess Club"]
[Date "2016.06.03"]
[Round "2"]
[White "x22"]
[Black "faust"]
[Result "0-1"]
[ICCResult "White forfeits on time"]
[WhiteElo "2438"]
[BlackElo "3227"]
[Opening "Sicilian: wing gambit"]
[ECO "B20"]
[NIC "SI.48"]
[Time "19:12:38"]
[TimeControl "180+0"]

1. e4 c5 2. b4 d5 3. exd5 cxb4 4. c4 bxc3 5. Nxc3 Nf6 6. Bc4 g6 7. Nf3 Bg7
8. O-O O-O 9. a4 Nbd7 10. a5 b6 11. a6 Nc5 12. d4 Nce4 13. Nxe4 Nxe4 14. Bf4
Nd6 15. Be2 Nf5 16. Ne5 Bd7 17. Ra2 Rc8 18. Re1 Nd6 19. Bf3 Nb5 20. Rd2 Nc3
21. Qa1 Be8 22. Nc6 Bxc6 23. dxc6 Nd5 24. Bg3 Rxc6 25. Bxd5 Qxd5 26. Rxe7
Bxd4 27. Qd1 Qc5 28. Rxa7 Bc3 29. Rd5 Qc4 30. h3 b5 31. Rdd7 b4 32. Bd6 Re8
33. Rxf7 Rxd6 34. Qxd6 Re1+ 35. Kh2 Be5+ 36. Qxe5 Rxe5 37. Rg7+ Kf8 38. g3
Rf5 39. Kg1 Qc1+ 40. Kg2 Qc6+ 41. Kg1 Qc5 {White forfeits on time} 0-1

[Event "ICCopen2016"]
[Site "Internet Chess Club"]
[Date "2016.06.03"]
[Round "2"]
[White "Creedence"]
[Black "mathman"]
[Result "1-0"]
[ICCResult "Black resigns"]
[WhiteElo "3131"]
[BlackElo "2382"]
[Opening "Sicilian: Canal-Sokolsky (Nimzovich-Rossolimo, Moscow) attack"]
[ECO "B51"]
[NIC "SI.01"]
[Time "19:12:38"]
[TimeControl "180+0"]

1. e4 c5 2. Nf3 d6 3. Bb5+ Nd7 4. O-O Nf6 5. Re1 a6 6. Bf1 g6 7. c3 Bg7 8.
d4 e5 9. a4 b6 10. Na3 O-O 11. Nc4 Qc7 12. Bg5 Bb7 13. d5 h6 14. Bh4 Rae8
15. Nfd2 Nh7 16. f3 f5 17. Bf2 f4 18. b4 g5 19. bxc5 bxc5 20. Rb1 Bc8 21. a5
h5 22. Nb6 Nxb6 23. Rxb6 g4 24. Bxa6 Bd7 25. Bb5 Rf6 26. Qa4 Nf8 27. Rb1 g3
28. hxg3 fxg3 29. Bxg3 Bxb5 30. Qxb5 Rg6 31. Qxe8 Rxg3 32. Rb7 Qxa5 33. Qf7+
Kh8 34. Qxh5+ Kg8 35. Nf1 Rg6 36. Rb8 Rh6 37. Qg4 Qxc3 38. Rxf8+ Kh7 39.
Qf5+ Rg6 40. Rf7 Qd4+ 41. Kh2 Qf2 42. Rxg7+ Kxg7 43. Rb7+ Kh6 44. Qh3+ Kg5
45. Qg3+ {Black resigns} 1-0

[Event "ICCopen2016"]
[Site "Internet Chess Club"]
[Date "2016.06.03"]
[Round "2"]
[White "BrentMusburger"]
[Black "Harmonie"]
[Result "0-1"]
[ICCResult "White checkmated"]
[WhiteElo "2422"]
[BlackElo "3158"]
[Opening "French: Rubinstein variation"]
[ECO "C10"]
[NIC "FR.07"]
[Time "19:12:12"]
[TimeControl "180+0"]

1. e4 e6 2. d4 d5 3. Nc3 dxe4 4. Nxe4 Nd7 5. Bd3 Ngf6 6. Qe2 c5 7. dxc5 Nxe4
8. Bxe4 Nxc5 9. Bf3 Be7 10. Be3 Qa5+ 11. c3 O-O 12. b4 Qa3 13. Qc2 Qa4 14.
Bd1 Qxc2 15. Bxc2 Nd7 16. Nf3 a5 17. b5 Nc5 18. a4 b6 19. O-O Bb7 20. Ne5
Bd5 21. c4 Bb7 22. Rad1 Rfd8 23. Bxc5 Bxc5 24. Nd7 Rac8 25. Nxc5 bxc5 26. f3
Kf8 27. Kf2 Ke7 28. Ke3 f5 29. g4 Kf6 30. gxf5 exf5 31. Rfe1 g5 32. f4 Re8+
33. Kf2 Rxe1 34. Kxe1 gxf4 35. Rd7 Be4 36. Bd1 Ke5 37. Ra7 Kd4 38. Rxa5 Ke3
39. Ra7 Rg8 40. Be2 Rg1+ 41. Bf1 f3 42. b6 f2+ 43. Kd1 Rxf1# {White
checkmated} 0-1

[Event "ICCopen2016"]
[Site "Internet Chess Club"]
[Date "2016.06.03"]
[Round "2"]
[White "mikeyb"]
[Black "waynehatcher"]
[Result "1-0"]
[ICCResult "Black forfeits on time"]
[WhiteElo "2154"]
[BlackElo "1553"]
[Opening "Réti: Nimzovich-Larsen attack"]
[ECO "A06"]
[NIC "QP.09"]
[Time "19:11:46"]
[TimeControl "180+0"]

1. Nf3 d5 2. b3 c6 3. Bb2 e6 4. e3 Nf6 5. d4 g6 6. Be2 Bg7 7. O-O O-O 8.
Nbd2 Nfd7 9. c4 Re8 10. Rc1 a6 11. Qc2 b5 12. cxd5 cxd5 13. Qc7 Qe7 14. Ne5
Bxe5 15. dxe5 Kf8 16. Nf3 f6 17. exf6 Nxf6 18. Bxf6 Qxf6 19. Qxh7 Qg7 20.
Qxg7+ Kxg7 21. Rc7+ Nd7 22. Ne5 Re7 23. Rfc1 Kf6 24. f4 Nb6 25. g4 Bd7 26.
g5+ Kg7 27. Bg4 Rae8 28. Nxd7 Nxd7 29. Bxe6 Nf8 30. Rxe7+ Rxe7 31. Bxd5 Rxe3
32. Rc7+ Kh8 33. Kf2 Re8 34. a4 bxa4 35. bxa4 Rd8 36. Be4 Rd6 37. a5 Kg8 38.
Ke3 Ne6 39. Ra7 Nc5 40. Bf3 Re6+ 41. Kf2 Nd3+ 42. Kg3 Re1 43. Bd5+ Kf8 44.
Rxa6 Ke7 45. Rxg6 Kd7 46. Rg7+ Kd6 47. Bc4 Kc6 48. Bxd3 Kc5 49. f5 Kd4 50.
Bb5 Re3+ 51. Kf4 Kc5 52. f6 Kxb5 53. Kxe3 Kxa5 54. f7 Kb4 55. f8=Q+ Kc3 56.
Qf2 {Black forfeits on time} 1-0

[Event "ICCopen2016"]
[Site "Internet Chess Club"]
[Date "2016.06.03"]
[Round "2"]
[White "Hellzito"]
[Black "kabindra"]
[Result "1-0"]
[ICCResult "Black forfeits on time"]
[WhiteElo "1881"]
[BlackElo "1537"]
[Opening "QP counter-gambit (elephant gambit)"]
[ECO "C40"]
[NIC "KP.10"]
[Time "19:12:00"]
[TimeControl "180+0"]

1. e4 e5 2. Nf3 d5 3. exd5 e4 4. Nd4 Qxd5 5. Nb3 Bd6 6. Nc3 Qe5 7. Qe2 Nf6
8. d4 Qe7 9. h3 c6 10. Bg5 O-O 11. Bxf6 Qxf6 12. Nxe4 Qg6 13. Qd3 Bf5 14.
Nbd2 Re8 15. f3 Bg3+ 16. Kd1 Bf4 17. g4 Bxe4 18. fxe4 Bxd2 19. Kxd2 Rxe4 20.
Re1 Qg5+ 21. Kd1 Rxe1+ 22. Kxe1 Nd7 23. Be2 Re8 24. Rf1 Qh4+ 25. Kd1 c5 26.
Qf3 Qe7 27. d5 Ne5 28. Qe4 f6 29. c4 Qd7 30. Bd3 g6 31. Rxf6 Nxc4 32. Qxc4
Qe7 33. Re6 Qf7 34. Qe4 Rf8 35. Kd2 Qf2+ 36. Kc3 b5 37. Re8 b4+ 38. Kb3 c4+
39. Kxc4 Rxe8 40. Qxe8+ Kg7 41. Qe7+ Kh6 42. d6 Qf4+ 43. Kb3 a5 44. Qe4
{Black forfeits on time}
1-0

[Event "ICCopen2016"]
[Site "Internet Chess Club"]
[Date "2016.06.03"]
[Round "2"]
[White "akibael"]
[Black "BlitzorDDD"]
[Result "0-1"]
[ICCResult "White forfeits on time"]
[WhiteElo "2277"]
[BlackElo "2978"]
[Opening "QGD semi-Slav: Meran, Wade variation"]
[ECO "D47"]
[NIC "SL.09"]
[Time "19:12:09"]
[TimeControl "180+0"]

1. Nf3 Nf6 2. d4 d5 3. c4 c6 4. Nc3 e6 5. e3 Nbd7 6. Bd3 dxc4 7. Bxc4 b5 8.
Bd3 Bb7 9. O-O a6 10. e4 c5 11. e5 cxd4 12. Nxb5 axb5 13. exf6 gxf6 14. Bxb5
Rg8 15. g3 Qb6 16. Bxd7+ Kxd7 17. Qxd4+ Qxd4 18. Nxd4 Bd5 19. Be3 Bd6 20. a3
f5 21. Rfd1 f4 22. Bd2 fxg3 23. hxg3 h5 24. Nb5 Bc5 25. Bf4 h4 26. Kf1 hxg3
27. Bxg3 Kc6 28. Nd4+ Kb7 29. Rac1 Bb6 30. Nb5 Rh8 31. Nd6+ Ka6 32. Rxd5
exd5 33. Rc6 Rh6 34. Kg2 d4 35. b4 Re6 36. b5+ Ka5 37. a4 d3 38. Nc4+ Kxa4
39. Nxb6+ Kxb5 40. Rxe6 fxe6 41. Nd7 d2 {White forfeits on time} 0-1

[Event "ICCopen2016"]
[Site "Internet Chess Club"]
[Date "2016.06.03"]
[Round "2"]
[White "maxhappy"]
[Black "FlashGordon"]
[Result "1-0"]
[ICCResult "Black forfeits on time"]
[WhiteElo "1875"]
[BlackElo "1490"]
[Opening "Van't Kruijs opening"]
[ECO "A00"]
[Time "19:12:29"]
[TimeControl "180+0"]

1. e3 e5 2. d4 exd4 3. exd4 d5 4. c3 Nf6 5. Bg5 Be7 6. Nd2 Bf5 7. Qb3 b6 8.
Ngf3 O-O 9. Be2 Re8 10. O-O Ne4 11. Nxe4 dxe4 12. Bxe7 Qxe7 13. Ne5 Nd7 14.
Nxd7 Qxd7 15. Rfe1 e3 16. fxe3 Rxe3 17. Bb5 Qe7 18. Kf2 Rxe1 19. Rxe1 Qd6
20. g3 Be6 21. Bc4 Re8 22. Bxe6 Rxe6 23. Rxe6 Qxe6 24. Qxe6 fxe6 25. Ke3 Kf7
26. Ke4 Kf6 27. c4 h5 28. b4 g5 29. h3 c6 30. a3 a6 31. a4 e5 32. d5 cxd5+
33. cxd5 {Black forfeits on time} 1-0

[Event "ICCopen2016"]
[Site "Internet Chess Club"]
[Date "2016.06.03"]
[Round "2"]
[White "wmanthony"]
[Black "cloak1"]
[Result "0-1"]
[ICCResult "White checkmated"]
[WhiteElo "1364"]
[BlackElo "1779"]
[Opening "Sicilian: Smith-Morra gambit"]
[ECO "B21"]
[NIC "SI.48"]
[Time "19:12:49"]
[TimeControl "180+0"]

1. e4 c5 2. d4 cxd4 3. c3 dxc3 4. Nxc3 e5 5. Bc4 Nf6 6. Nf3 Nc6 7. O-O Be7
8. Bg5 O-O 9. Bh4 Nxe4 10. Bxe7 Nxc3 11. Bxd8 Nxd1 12. Bg5 Nxb2 13. Bb3 Nd3
14. Bh4 Nc5 15. Bg3 Nxb3 16. axb3 f6 17. Rfd1 b6 18. Rd6 Re8 19. Rad1 Re6
20. R6d2 a5 21. Ne1 Ra7 22. Nc2 Nb8 23. Ne3 Bb7 24. Nd5 Bxd5 25. Rxd5 Rc7
26. f4 exf4 27. Bxf4 Rc8 28. Bxb8 Rxb8 29. Rxd7 Ree8 30. Ra7 Red8 31. Re1
Re8 32. Rd1 Rbd8 33. Rc1 Re2 34. Rcc7 Rd1# {White checkmated} 0-1

[Event "ICCopen2016"]
[Site "Internet Chess Club"]
[Date "2016.06.03"]
[Round "2"]
[White "JugadaAjugada"]
[Black "Bubacik"]
[Result "0-1"]
[ICCResult "White forfeits on time"]
[WhiteElo "2051"]
[BlackElo "2638"]
[Opening "French: Tarrasch, closed variation"]
[ECO "C05"]
[NIC "FR.16"]
[Time "19:11:44"]
[TimeControl "180+0"]

1. e4 e6 2. d4 d5 3. Nd2 Nf6 4. e5 Nfd7 5. f4 c5 6. c3 Nc6 7. Ngf3 Be7 8.
Be2 Qb6 9. Nb3 cxd4 10. cxd4 f6 11. Qd3 O-O 12. Be3 Nb4 13. Qd2 Nxa2 14. O-O
Qxb3 15. Bd1 Qc4 16. Be2 Qa4 17. Bd1 Qa6 18. Bb3 Qb6 19. Bxa2 fxe5 20. fxe5
Rf7 21. Kh1 Nf8 22. Bg5 Bd7 23. Bxe7 Rxe7 24. Ng5 h6 25. Nh3 Bb5 26. Rf3 Rc8
27. Re1 Rf7 28. Rxf7 Kxf7 29. Nf4 Kg8 30. Nh5 Rc7 31. Bb1 Rf7 32. h3 Be8 33.
Kh2 Qc7 34. Re3 Re7 35. Nf4 g5 36. Rc3 Qd7 37. Rg3 Rg7 38. Ne2 Bg6 39. Bxg6
Nxg6 40. Qc2 Kh7 41. Rc3 Rf7 42. Ng3 g4 43. h4 Qe7 44. h5 Qh4+ 45. Kg1 Rf5
46. hxg6+ Kxg6 47. Rc8 Qxg3 48. Rg8+ Kh5 49. Qe2 Qf4 50. Qe1 g3 51. Qe2+ Kh4
{White forfeits on time}
0-1

[Event "ICCopen2016"]
[Site "Internet Chess Club"]
[Date "2016.06.03"]
[Round "2"]
[White "darthvader"]
[Black "tonto"]
[Result "1-0"]
[ICCResult "Black forfeits on time"]
[WhiteElo "1834"]
[BlackElo "1440"]
[Opening "King's Indian: London system"]
[ECO "A48"]
[NIC "QP.03"]
[Time "19:12:51"]
[TimeControl "180+0"]

1. d4 Nf6 2. Nf3 g6 3. Bf4 Bg7 4. h3 O-O 5. e3 d6 6. Be2 Bf5 7. O-O Nbd7 8.
c4 c5 9. Nc3 cxd4 10. exd4 Ne4 11. Nxe4 Bxe4 12. Nd2 d5 13. Nxe4 dxe4 14.
Rc1 Qb6 15. Be3 Rfc8 16. b3 e6 17. d5 Qd6 18. dxe6 Qxe6 19. Qd2 Rd8 20. Qb4
b6 21. Rfd1 f5 22. c5 bxc5 23. Bxc5 Kh8 24. Bc4 Qc6 25. Be3 Qf6 26. Bd4 Ne5
27. Bf1 Rac8 28. Rxc8 Rxc8 29. Kh1 Nc6 30. Bxf6 Nxb4 31. Bxg7+ Kxg7 32. Rd7+
Kh6 33. Rxa7 {Black forfeits on time} 1-0

[Event "ICCopen2016"]
[Site "Internet Chess Club"]
[Date "2016.06.03"]
[Round "2"]
[White "depressnyak"]
[Black "kingmate"]
[Result "1-0"]
[ICCResult "Black resigns"]
[WhiteElo "3205"]
[BlackElo "2438"]
[Opening "English: Neo-Catalan declined"]
[ECO "A14"]
[NIC "RE.11"]
[Time "19:12:19"]
[TimeControl "180+0"]

1. Nf3 Nf6 2. c4 e6 3. g3 d5 4. Bg2 Be7 5. O-O O-O 6. d3 b6 7. cxd5 exd5 8.
d4 Bb7 9. Nc3 Na6 10. Bf4 c5 11. Rc1 Re8 12. a3 Qc8 13. dxc5 bxc5 14. b4 d4
15. Na4 Rd8 16. bxc5 Nxc5 17. Nxc5 Bxc5 18. Bg5 Rd6 19. Bxf6 Rxf6 20. Qd3
Ba6 21. Qd2 Rb8 22. Ng5 Qc7 23. Qc2 Rc8 24. Qxh7+ Kf8 25. Qh8+ Ke7 26. Qxg7
Bxe2 27. Ne4 Rc6 28. Rce1 d3 29. Bf3 Re6 30. Bxe2 dxe2 31. Rxe2 Bb6 32. Rfe1
Qc4 33. Nc3 Rxe2 34. Rxe2+ Kd7 35. Rd2+ Ke6 36. Ne2 Rc5 37. Nf4+ Ke7 38.
Re2+ Kd7 39. Qg4+ Kc7 40. Qf3 Qc1+ 41. Kg2 Rc6 42. Nd5+ Kb7 43. Nb4
{Black resigns}
1-0

[Event "ICCopen2016"]
[Site "Internet Chess Club"]
[Date "2016.06.03"]
[Round "2"]
[White "franco"]
[Black "Rayconniff"]
[Result "0-1"]
[ICCResult "White checkmated"]
[WhiteElo "1132"]
[BlackElo "1643"]
[Opening "Queen's pawn game"]
[ECO "A45"]
[NIC "QP.07"]
[Time "19:12:08"]
[TimeControl "180+0"]

1. d4 Nf6 2. e3 g6 3. Bd3 Bg7 4. g3 O-O 5. Nf3 d6 6. Bf1 Nbd7 7. Bg2 e5 8.
c3 exd4 9. cxd4 Ne4 10. Nbd2 Ndf6 11. O-O d5 12. Nxe4 Nxe4 13. Nd2 Nxd2 14.
Bxd2 c6 15. Bb4 Re8 16. Qe2 Be6 17. Rac1 Qd7 18. f4 Bg4 19. Bf3 Bxf3 20.
Qxf3 Re4 21. Rce1 a5 22. Bc3 b5 23. a3 Qb7 24. f5 b4 25. axb4 axb4 26. Bd2
Bh6 27. fxg6 fxg6 28. Qf6 Rf8 29. Qh4 Rxf1+ 30. Rxf1 Bxe3+ 31. Bxe3 Rxh4 32.
gxh4 Qd7 33. Rf2 Qg4+ 34. Rg2 Qxh4 35. Bg5 Qe4 36. h4 Qxd4+ 37. Kh2 c5 38.
h5 c4 39. hxg6 hxg6 40. Be7 Qe5+ 41. Rg3 Qxe7 42. Rxg6+ Kh7 43. Rg2 Qe5+ 44.
Kg1 c3 45. bxc3 bxc3 46. Rc2 d4 47. Kf1 Qe3 48. Re2 Qxe2+ 49. Kxe2 Kg6 50.
Kd3 Kf5 51. Kxd4 c2 52. Kd3 c1=Q 53. Ke2 Qc3 54. Kf2 Qd3 55. Kg2 Qe3 56. Kh2
Qf3 57. Kg1 Qe2 58. Kh1 Kg4 59. Kg1 Kg3 60. Kh1 Qg2# {White checkmated} 0-1

[Event "ICCopen2016"]
[Site "Internet Chess Club"]
[Date "2016.06.03"]
[Round "2"]
[White "wardjp"]
[Black "acash"]
[Result "0-1"]
[ICCResult "White forfeits on time"]
[WhiteElo "1815"]
[BlackElo "1707"]
[Opening "Budapest defense"]
[ECO "A52"]
[NIC "QG.01"]
[Time "19:11:57"]
[TimeControl "180+0"]

1. d4 Nf6 2. c4 e5 3. dxe5 Ng4 4. e3 Nxe5 5. f4 Ng6 6. Nf3 Nc6 7. Nc3 Bc5 8.
Bd3 d6 9. Ng5 h6 10. Nge4 Bb6 11. O-O O-O 12. a3 Re8 13. f5 Nge5 14. f6 g6
15. Nd5 Kh7 16. Bc2 Nxc4 17. b3 N4e5 18. Bb2 Bg4 19. Qe1 Qd7 20. Qh4 Bh5 21.
h3 Rg8 22. Ng5+ hxg5 23. Qxg5 Rae8 24. Rf4 Rh8 25. Rh4 Kg8 26. g4 Nf3+ 27.
Kg2 Nxg5 28. Rf1 Bxg4 29. Rxh8+ Kxh8 30. e4 Bxh3+ 31. Kh2 Qg4 32. Rg1 Bxg1+
{White forfeits on time}
0-1

[Event "ICCopen2016"]
[Site "Internet Chess Club"]
[Date "2016.06.03"]
[Round "2"]
[White "Shadowbane"]
[Black "Tresor77"]
[Result "0-1"]
[ICCResult "White resigns"]
[WhiteElo "1730"]
[BlackElo "1409"]
[Opening "Sicilian defense"]
[ECO "B20"]
[NIC "SI.48"]
[Time "19:12:31"]
[TimeControl "180+0"]

1. e4 c5 2. c4 d6 3. Nc3 Nf6 4. h3 Nc6 5. g3 e6 6. Bg2 Be7 7. Nge2 O-O 8. d3
a6 9. O-O Rb8 10. a4 a5 11. f4 e5 12. f5 Nd4 13. g4 h6 14. Ng3 Nh7 15. Nh5
Bg5 16. Nd5 b6 17. f6 gxf6 18. Bxg5 fxg5 19. Nhf6+ Nxf6 20. Nxf6+ Kg7 21. h4
Ne6 22. hxg5 hxg5 23. Nh5+ Kg8 24. Rf6 Nf4 25. Rxf4 gxf4 26. Bf3 Qg5 27. Kg2
Kh7 28. Qe2 Kg6 29. Rh1 Bd7 30. d4 Bxa4 31. dxe5 dxe5 32. b3 Bc6 33. Qb2
Rbd8 34. Nf6 Qxf6 35. Rh5 Rh8 36. g5 Qd6 37. Rh6+ Rxh6 38. gxh6 Kxh6 39. Kh3
Rh8 40. Qg2 Qg6 41. Bg4 Kg7+ {White resigns} 0-1